 Dungeon Crawl Stone Soup version 0.19.4-10-g532645f (webtiles) character file.

128 Mesmaeker13 the Firebug (level 4, -3/24 HPs)
             Began as a Deep Elf Fire Elementalist on Feb 25, 2017.
             Slain by a gnoll
             ... wielding a +0 spear
              (8 damage)
             ... on level 1 of the Dungeon.
             The game lasted 00:05:20 (2056 turns).

Mesmaeker13 the Firebug (DEFE)                      Turns: 2056, Time: 00:05:21

Health: -3/24      AC:  2    Str:  6    XL:     4   Next: 86%
Magic:  10/10      EV: 14    Int: 20    God:
Gold:   105        SH:  0    Dex: 15    Spells: 2 memorised, 6 levels left

rFire  . . .     SeeInvis .     m - +2 dagger (venom)
rCold  . . .     Gourm    .     a - +0 robe
rNeg   . . .     Faith    .     (no shield)
rPois  .         Spirit   .     (no helmet)
rElec  .         Reflect  .     (no cloak)
rCorr  .         Harm     .     (no gloves)
MR     +....                    (no boots)
Stlth  ++........               (no amulet)
                                (no ring)
                                f - ring of protection from magic (curse)

@: no status effects
A: no striking features
a: no special abilities


You were on level 1 of the Dungeon.
You were not hungry.

You visited 1 branch of the dungeon, and saw 2 of its levels.

You collected 105 gold pieces.

Inventory:

Hand Weapons
 m - a +2 dagger of venom (weapon)
Armour
 a - a +0 robe (worn)
Jewellery
 f - a cursed ring of protection from magic (left hand)
Scrolls
 e - a scroll of teleportation {unknown}
 g - a scroll of magic mapping {unknown}
 h - a scroll of fear {unknown}
 j - a scroll of enchant armour
 n - a scroll of remove curse {unknown}
Potions
 d - a potion of haste
 k - a potion of lignification
Books
 b - a book of Flames

   Spells                             Type                      Level
   a - Flame Tongue                   Conjuration/Fire             1
   b - Throw Flame                    Conjuration/Fire             2
   c - Conjure Flame                  Conjuration/Fire             3
   d - Inner Flame                    Hexes/Fire                   3
   e - Sticky Flame                   Conjuration/Fire             4
   f - Fireball                       Conjuration/Fire             5
Comestibles
 c - 2 bread rations
 i - a beef jerky
 l - a chunk of flesh


   Skills:
 + Level 3.8 Dodging
 - Level 2.4 Stealth
 - Level 3.0 Spellcasting
 + Level 3.2 Conjurations
 + Level 4.4 Fire Magic


You had 6 spell levels left.
You knew the following spells:

 Your Spells              Type           Power        Failure   Level  Hunger
a - Flame Tongue          Conj/Fire      ###..        2%          1    None
b - Throw Flame           Conj/Fire      ###...       4%          2    ##.....


Dungeon Overview and Level Annotations

Branches:
Dungeon (2/15)

Altars:


Message History

The gnoll hits you from afar with a spear.
The gnoll hits you but does no damage.
You climb upwards.
There is a stone staircase leading down here.
You start resting.
Magic restored.
You start resting.
HP restored.
You climb downwards.
The gnoll hits you with a spear! The gnoll hits you with a spear.
The gnoll closely misses you. The gnoll barely misses you.
There is a stone staircase leading up, spattered with blood here.
The gnoll barely misses you. The gnoll hits you with a spear!
* * * LOW HITPOINT WARNING * * *
You climb upwards.
There is a stone staircase leading down here.
Okay, then.
Okay, then.
The gnoll hits you from afar with a spear!
You die...

.# #.##.........# #......#
# .# #.##.##..#.#.#
##.###.# #
.#####.##.##..#.#.# #.#
#.#### .......#..##....#.#
#.# #.....
.######.#.##...##.# #.#
###### .# #.###.....##.#
#.# .######.#.##.#.##g##
#.#
.......#..##.#.#>).#####.#
...............g@#.......#
#####...#.####.#...####..#
#...#........##.#####..#
#.#...#.........# #)...#
###.##.############ #.#.##
# ....##.# ##.#.# #
######.# #..#.# # #.#
#.##.# # #.# #.##.# #


You could see 2 gnolls.

Vanquished Creatures
  A gnoll (D:2)
  6 adders
  A leopard gecko (D:1)
  3 giant cockroaches
  8 goblins
  8 hobgoblins
  12 jackals
  4 kobolds
  A ball python (D:1)
  4 bats
  3 frilled lizards (D:2)
  7 rats
58 creatures vanquished.

Notes
Turn   | Place    | Note
-------+----------+-------------------------------------------
     0 | D:1      | Mesmaeker13 the Deep Elf Fire Elementalist began the quest for the Orb.
     0 | D:1      | Reached XP level 1. HP: 10/10 MP: 6/6
   325 | D:1      | Reached XP level 2. HP: 15/15 MP: 6/8
   890 | D:1      | Reached XP level 3. HP: 15/19 MP: 9/9
  1145 | D:2      | Learned a level 2 spell: Throw Flame
  1204 | D:2      | Reached skill level 4 in Fire Magic
  1301 | D:2      | Reached XP level 4. HP: 16/24 MP: 4/10
  2056 | D:1      | Slain by a gnoll

Skill      XL: |  1  2  3  4 |
---------------+-------------+-----
Conjurations   | 2 3 |  3.2
Dodging        | 3 |  3.8
Fire Magic     | 4 |  4.4
Stealth        | |  2.4
Spellcasting   | |  3.0

Action                   |  1- 3 |  4- 6 || total
-------------------------+-------+-------++-------
Melee: Unarmed           |     1 |       ||     1
       Dagger            |    27 |    16 ||    43
 Cast: Flame Tongue      |    56 |    20 ||    76
       Throw Flame       |     3 |     5 ||     8
  Use: Potion            |     2 |       ||     2
       Scroll            |     1 |     2 ||     3
 Stab: Invisible         |     1 |       ||     1
  Eat: Chunk             |     1 |     3 ||     4
Armor: Robe              |    13 |     6 ||    19
Dodge: Dodged            |    43 |    24 ||    67
